 Dungeon Crawl Stone Soup version 0.30.1-1-g62c8e00024 (webtiles) character file.

Game seed: 16236815036607059528

1305 Kranky the Trooper (level 8, -3/71 HPs)
             Began as a Minotaur Berserker on July 14, 2023.
             Was a Priest of Trog.
             Killed from afar by an electric eel (12 damage)
             ... with a bolt of electricity
             ... on level 6 of the Dungeon.
             The game lasted 00:06:55 (4951 turns).

Kranky the Trooper (Minotaur Berserker)             Turns: 4951, Time: 00:06:57

Health: -3/71      AC:  8    Str: 25    XL:     8   Next: 31%
Magic:  15/16      EV: 13    Int:  4    God:    Trog [***...]
Gold:   170        SH:  4    Dex:  9    Spells: 7/7 levels left

rFire   . . .        a - +1 spear (protect)
rCold   . . .        d - +0 buckler
rNeg    + . .        o - +2 robe of the Armoured One {-Tele Regen+ MP+9 Slay+6}
rPois   .            (helmet restricted)
rElec   .            B - +0 cloak
rCorr   +            C - +1 pair of gloves {infuse}
SInv    .            (no boots)
Will    .....        (no amulet)
Stlth   +            w - ring of positive energy
HPRegen 1.11/turn    x - ring of resist corrosion
MPRegen 0.15/turn

%: no teleportation, infuse magic (1 MP)
@: very slow
A: horns 2, retaliatory headbutt
a: Renounce Religion, Berserk, Trog's Hand


You were on level 6 of the Dungeon.
You worshipped Trog.
Trog was most pleased with you.
You visited 1 branch of the dungeon, and saw 6 of its levels.

You collected 390 gold pieces.
You spent 220 gold pieces at shops.

Inventory:

Hand Weapons
 a - a +1 spear of protection (weapon)
Armour
 b - a +0 animal skin
 d - a +0 buckler (worn)
 o - the +2 robe of the Armoured One (worn) {-Tele Regen+ MP+9 Slay+6}
   (You found it on level 2 of the Dungeon)

   Slay:      It affects your accuracy & damage with ranged weapons and melee
   (+6).
   MP:        It affects your magic capacity (+9).
   -Tele:     It prevents most forms of teleportation.
   Regen:     It increases your rate of health regeneration.
 B - a +0 cloak (worn)
 C - a +1 pair of gloves of infusion (worn)
Jewellery
 t - a ring of magical power
 w - a ring of positive energy (left hand)
 x - a ring of resist corrosion (right hand)
Scrolls
 c - 2 scrolls of teleportation
 f - a scroll of silence
 j - 3 scrolls of vulnerability
 k - a scroll of fog
 n - a scroll of poison
Potions
 e - 3 potions of lignification
 g - 3 potions of resistance
 l - 3 potions of flight
 m - 4 potions of heal wounds
 p - a potion of cancellation
 q - 3 potions of curing
 s - a potion of ambrosia
 z - a potion of might
 A - a potion of invisibility


   Skills:
 + Level 6.5 Fighting
 + Level 6.4 Polearms
 + Level 5.9 Armour
 + Level 5.3 Dodging
 + Level 5.2 Shields


You had 7 spell levels left.
You didn't know any spells.
Your spell library was empty.

Dungeon Overview and Level Annotations

Branches:
Dungeon (6/15)
 Temple: D:4-7

Altars:
Fedhas
Gozag
Kikubaaqudgha
Sif Muna
Vehumet

Shops:
D:5 !


Innate Abilities, Weirdness & Mutations

You have a pair of horns on your head.
You reflexively headbutt those who attack you in melee.


Message History

You start waiting.
An electric eel comes into view.
The electric eel shoots out a bolt of lightning at you!
The bolt of electricity hits you!
The electric eel shoots out a bolt of lightning at you!
The bolt of electricity hits you.
The bolt of electricity hits the plant!
The plant begins to die.
The electric eel shoots out a bolt of lightning at you!
The bolt of electricity misses you.
The electric eel shoots out a bolt of lightning at you!
The bolt of electricity hits you.
The bolt of electricity hits the plant!
The electric eel shoots out a bolt of lightning at you!
The bolt of electricity hits you!
The bolt of electricity hits the plant! x2
The plant begins to die.
You reach to attack!
You hit the electric eel.
Your weapon exudes an aura of protection.
The electric eel is moderately wounded.
The electric eel shoots out a bolt of lightning at you!
The bolt of electricity hits you!
The electric eel shoots out a bolt of lightning at you!
The bolt of electricity hits you.
The bolt of electricity hits the plant.
The bolt of electricity hits the plant!
A nearby plant withers and dies.
The electric eel shoots out a bolt of lightning at you!
The bolt of electricity hits you!
* * * LOW HITPOINT WARNING * * *
The electric eel shoots out a bolt of lightning at you!
The bolt of electricity hits you.
* * * LOW HITPOINT WARNING * * *
The electric eel shoots out a bolt of lightning at you!
The bolt of electricity hits you!
* * * LOW HITPOINT WARNING * * *
A nearby plant withers and dies.
The electric eel shoots out a bolt of lightning at you!
The bolt of electricity misses you.
The electric eel shoots out a bolt of lightning at you!
The bolt of electricity misses you.
The electric eel shoots out a bolt of lightning at you!
The bolt of electricity hits you!
You die...

#..# ###....# #..#
##........
#..##...##
♣♣#.[...# .
♣♣♣~♣#...## #.
♣~~~~♣...##.#.
♣♣≈~~~~~.....#.
♣~~~~≈PP~♣....#.
♣P~~≈~≈≈≈~@~♣##.##
~~~P≈≈≈P≈~~~~~#...
~~~~~≈≈≈~~~~~♣.$..
~~~~≈~≈≈~~~~...##.
...............#
≈~~≈≈~~S~~S~.~##
≈~~≈~~~~~.~♣
≈~♣♣♣~~~~.~♣♣ ♣♣
♣♣~~~!~P♣


You could see 2 electric eels.

Vanquished Creatures
  A steam dragon (D:5)
  A water moccasin (D:5)
  An ice beast (D:5)
  An ogre (D:6)
  A centaur (D:6)
  2 phantoms
  A kobold brigand (D:6)
  A howler monkey (D:5)
  2 electric eels (D:6)
  A sleepcap (D:5)
  An orc priest (D:6)
  2 iguanas
  8 orc wizards
  A gnoll (D:3)
  7 adders
  4 river rats (D:5)
  A worm (D:2)
  A dart slug (D:2)
  5 orcs
  8 endoplasms
  3 giant cockroaches
  7 goblins
  6 hobgoblins
  A quokka (D:5)
  5 ball pythons
  4 bats
  13 frilled lizards
  11 kobolds
  5 rats
105 creatures vanquished.

Notes
Turn   | Place    | Note
-------+----------+-------------------------------------------
     0 | D:1      | Kranky the Minotaur Berserker began the quest for the Orb.
     0 | D:1      | Reached XP level 1. HP: 19/19 MP: 0/0
    87 | D:1      | Reached XP level 2. HP: 24/27 MP: 1/1
   691 | D:2      | Reached skill level 1 in Shields
   691 | D:2      | Reached XP level 3. HP: 27/33 MP: 2/2
   777 | D:2      | Reached ** piety under Trog
  1249 | D:2      | Identified the +2 robe of the Armoured One {-Tele Regen+
                  | MP+9 Slay+6}
  1441 | D:2      | Found a faded altar of an unknown god.
  1614 | D:3      | Reached XP level 4. HP: 40/40 MP: 3/3
  3325 | D:5      | Entered Level 5 of the Dungeon
  3335 | D:5      | Reached XP level 5. HP: 47/47 MP: 4/4
  3342 | D:5      | Found an opulent altar of Gozag.
  3453 | D:5      | Noticed an ice beast
  3457 | D:5      | Noticed a phantom
  3475 | D:5      | Killed a phantom
  3476 | D:5      | Reached XP level 6. HP: 47/55 MP: 5/5
  3489 | D:5      | Killed an ice beast
  3490 | D:5      | Reached skill level 5 in Fighting
  3490 | D:5      | Reached skill level 5 in Polearms
  3557 | D:5      | Noticed a water moccasin
  3565 | D:5      | Killed a water moccasin
  3732 | D:5      | Found Gauph's Distillery.
  3746 | D:5      | Reached XP level 7. HP: 57/61 MP: 6/6
  3751 | D:5      | Bought a potion of curing for 33 gold pieces
  3751 | D:5      | Bought a potion of heal wounds for 55 gold pieces
  3751 | D:5      | Bought a potion of might for 44 gold pieces
  3751 | D:5      | Bought a potion of invisibility for 88 gold pieces
  3841 | D:5      | Found a radiant altar of Vehumet.
  3861 | D:5      | Found an ancient bone altar of Kikubaaqudgha.
  3873 | D:5      | Found a shimmering blue altar of Sif Muna.
  3879 | D:5      | Reached *** piety under Trog
  3890 | D:5      | Reached skill level 5 in Armour
  4134 | D:6      | Noticed a steam dragon
  4148 | D:5      | Killed a steam dragon
  4449 | D:6      | Found a blossoming altar of Fedhas.
  4454 | D:6      | Reached skill level 5 in Dodging
  4454 | D:6      | Reached XP level 8. HP: 50/70 MP: 7/7
  4622 | D:6      | Reached skill level 5 in Shields
  4951 | D:6      | Killed from afar by an electric eel

Illustrated notes

Levels and vault maps discovered:
D:1:      reono_arrival_forest_river, layout_rooms, minmay_lizard_king
D:2:      layout_basic, hellmonk_ecumenical_altar_prayer_group,
          kennysheep_pointless_box, minmay_close_crescents
D:3:      minmay_evil_eye, layout_basic, nicolae_figureground_pulse
D:4:      layout_basic
D:5:      wad_woods_stonehenge, layout_rooms, palyth_temple_overflow_mages,
          serial_shops, shop
D:6:      layout_layer_cave, amcnicky_altar_gilded,
          mainiacjoe_overflow_cross_hatched, hellmonk_bongcloud_opening,
          serial_bayou_lagoon_b, uniq_sigmund

Skill      XL: |  1  2  3  4  5  6  7  8 |
---------------+-------------------------+-----
Fighting       | 4 5 6 |  6.5
Polearms       | 4 5 6 |  6.4
Shields        | 1 2 3 4 5 |  5.2
Armour         | 3 4 5 |  5.9
Dodging        | 3 4 5 |  5.3

Action                     |  1- 3 |  4- 6 |  7- 9 || total
---------------------------+-------+-------+-------++-------
  Melee: Spear             |   101 |    89 |    73 ||   263
         Headbutt          |    14 |    15 |    10 ||    39
 Invoke: Berserk           |       |     1 |       ||     1
    Use: Scroll            |       |       |    15 ||    15
   Stab: Sleeping          |     1 |       |       ||     1
 Armour: Animal skin       |    18 |       |       ||    18
         Robe              |       |    10 |    15 ||    25
  Dodge: Dodged            |    42 |    25 |    25 ||    92
  Block: Buckler           |    11 |     6 |     8 ||    25
